 Dungeon Crawl Stone Soup version 0.23.0-42-geed6394480 (webtiles) character file.

Game seed: 1604434197308295245

4577 Chiseanne the Covert (level 10, -1/72 HPs)
             Began as an Octopode Warper on Mar 1, 2019.
             Was an Initiate of Gozag.
             Slain by a two-headed ogre
             ... wielding a +0 giant club
              (13 damage)
             ... on level 9 of the Dungeon.
             The game lasted 00:31:36 (13471 turns).

Chiseanne the Covert (Octopode Warper)             Turns: 13471, Time: 00:31:36

Health: -1/72      AC:  1    Str: 16    XL:     10   Next: 41%
Magic:  0/22       EV: 17    Int: 16    God:    Gozag
Gold:   1512       SH: 12    Dex: 16    Spells: 13/13 levels left

rFire    + . .     SeeInvis .   a - +3 trident (freeze)
rCold    + . .     Gourm    .   o - +1 shield
rNeg     . . .     Faith    .   (helmet restricted)
rPois    .         Spirit   +   u - amulet of guardian spirit
rElec    .         Reflect  .   l - ring of flight
rCorr    .         Harm     .   m - ring of stealth
MR       ++...                  y - ring "Conoef" {*Contam rF+ MR+ MP+9 Dex+2}
Stlth    +++++++...             L - ring "Syapilia" {MR+ Dex+2 Slay+5}
HPRegen  0.22/turn              O - ring "Vour" {rC+ Str+3}
MPRegen  0.18/turn              P - +1 ring of slaying
                                (no ring)
                                (no ring)

@: no status effects
A: almost no armour, stealthy swim, amphibious, 8 rings, constrict 8, camouflage
1, gelatinous body 1
a: Potion Petition, Call Merchant, Bribe Branch, Renounce Religion, Evoke Flight


You were on level 9 of the Dungeon.
You worshipped Gozag.
Gozag was most pleased with you.
You were full.

You visited 2 branches of the dungeon, and saw 10 of its levels.
You also visited: Sewer and Ossuary.

You collected 4809 gold pieces.
You spent 2694 gold pieces at shops.
You paid 603 gold pieces to Gozag.

Inventory:

Hand Weapons
 a - a +3 trident of freezing (weapon)
 d - a +1 dagger of holy wrath
 s - a +2 dagger of venom
 w - a +0 blowgun
 G - a +5 flail
Missiles
 b - 302 stones (quivered)
 e - 74 poisoned needles
 g - 149 arrows
 k - 5 curare-tipped needles
 r - 29 sling bullets
 t - 39 bolts
 B - 5 tomahawks
 M - 5 tomahawks of dispersal
Armour
 o - a +1 shield (worn)
Magical Staves
 i - an uncursed staff of air {unknown}
Jewellery
 l - a ring of flight (left tentacle)
 m - a ring of stealth (right tentacle)
 u - an amulet of guardian spirit (around mantle)
 y - the ring "Conoef" (on tentacle) {*Contam rF+ MR+ MP+9 Dex+2}
   (You found it on level 5 of the Dungeon)

   [ring of protection from magic]

   It affects your dexterity (+2).
   It protects you from fire.
   It affects your resistance to hostile enchantments.
   It affects your magic capacity (+9).
   It causes magical contamination when unequipped.
 L - the ring "Syapilia" (on tentacle) {MR+ Dex+2 Slay+5}
   (You bought it in a shop on level 8 of the Dungeon)

   [ring of slaying]

   It affects your dexterity (+2).
   It affects your accuracy and damage with ranged weapons and melee attacks
   (+5).
   It affects your resistance to hostile enchantments.
 O - the ring "Vour" (on tentacle) {rC+ Str+3}
   (You bought it in a shop on level 8 of the Dungeon)

   [ring of protection from cold]

   It affects your strength (+3).
   It protects you from cold.
 P - a +1 ring of slaying (on tentacle)
 Q - the macabre finger necklace {rN+}
   (You bought it in a shop on level 8 of the Dungeon)

   [amulet of nothing]

   It protects you from negative energy.
Wands
 n - a wand of digging (4)
 J - a wand of polymorph (7)
 K - a wand of acid (14)
Scrolls
 c - 2 scrolls of immolation
 h - 2 scrolls of remove curse
 F - 2 scrolls of teleportation
 H - a scroll of identify
Potions
 j - 4 potions of agility
 p - 2 potions of might
 q - 5 potions of curing
 v - 4 potions of heal wounds
 x - a potion of brilliance
 z - a potion of mutation
 A - 3 potions of magic
 C - 2 potions of flight
 D - 2 potions of invisibility
 E - 3 potions of lignification
 I - 2 potions of haste {unknown}
Comestibles
 f - 7 rations


   Skills:
 * Level 7.8 Fighting
 - Level 2.0 Short Blades
 - Level 1.0 Throwing
 - Level 7.9 Dodging
 - Level 10.4 Stealth
 * Level 7.3 Shields
 - Level 2.0 Spellcasting
   Level 3.0 Translocations


You had 13 spell levels left.
You didn't know any spells.
Your spell library contained the following spells:

 Spells                   Type           Power        Failure   Level  Hunger
 Blink                    Tloc           N/A          24%         2    ###....
 Shroud of Golubria       Chrm/Tloc      #.........   41%         2    ###....
 Gell's Gravitas          Tloc           ##........   43%         3    ###....
 Lesser Beckoning         Tloc           ##........   43%         3    ###....
 Teleport Other           Tloc           ##......     43%         3    ###....
 Passage of Golubria      Tloc           N/A          85%         4    #####..


Dungeon Overview and Level Annotations

Branches:
Dungeon (9/15)             Temple (1/1) D:5            Lair (0/6) D:9
    Orc: D:9-12

Altars:
Ashenzari
Cheibriados
Dithmenos
Elyvilon
Fedhas
Gozag
Hepliaklqana
Kikubaaqudgha
Makhleb
Nemelex Xobeh
Okawaru
Qazlal
Ru
Sif Muna
Trog
Uskayaw
Vehumet
Wu Jian
Xom
Yredelemnul
Zin
The Shining One

Shops:
D:5 *[   D:8 =


Innate Abilities, Weirdness & Mutations

You cannot wear most types of armour.
You are very stealthy in the water. (Stealth+)
You are amphibious.
You can wear up to eight rings at the same time.
You can use your tentacles to constrict eight enemies at once.
Your skin changes colour to match your surroundings (Stealth+).
Your rubbery body absorbs attacks. (AC +1, EV +1)


Message History

The two-headed ogre is heavily wounded.
The two-headed ogre hits you with a +0 giant club!!
The two-headed ogre hits you with a +0 giant club!
You hit the two-headed ogre. You freeze the two-headed ogre.
Your squeeze misses the two-headed ogre.
The two-headed ogre is severely wounded.
The two-headed ogre hits you with a +0 giant club!!
The two-headed ogre barely misses you.
You puncture the two-headed ogre! You freeze the two-headed ogre!
The two-headed ogre is almost dead.
The two-headed ogre hits you with a +0 giant club!
* * * LOW HITPOINT WARNING * * *
The two-headed ogre barely misses you.
You closely miss the two-headed ogre.
Your squeeze misses the two-headed ogre.
The two-headed ogre is almost dead.
The two-headed ogre completely misses you.
The two-headed ogre hits you with a +0 giant club!
You die...
Your body crumbles into a pile of gold.

.............#
#.......######
.............# #.......#
.............# #.......#
.............# #.......#
#####........# #.......#
#........#####.......###
#.######................
#.# #......#####......
#.# #....@.# #......
##+##.# #...O..# #......
......# #......#
#.....O#
......######......# ...
..................#
..................####
.......................
.....................?.
.......................


You could see a two-headed ogre.

Vanquished Creatures
  A wyvern (D:8)
  4 hungry ghosts
  A water moccasin (D:9)
  A porcupine (D:7)
  5 orc warriors
  A hornet zombie (D:9)
  5 phantoms
  3 ogres
  2 centaurs
  3 big kobolds
  3 bullfrogs
  4 water moccasin zombies (Ossuary)
  3 scorpions
  3 wights (D:6)
  A howler monkey (D:6)
  2 crimson imps
  2 jellies
  3 hounds (D:5)
  11 orc wizards
  4 orc priests
  A bullfrog skeleton (D:4)
  An iguana (D:7)
  4 worker ants
  4 big kobold zombies (Ossuary)
  A hound skeleton (D:7)
  2 mummies (Ossuary)
  A howler monkey zombie (D:8)
  9 gnolls
  6 river rats (Sewer)
  13 adders
  A shadow imp (D:9)
  An ooze (D:2)
  5 adder zombies (Ossuary)
  3 worms
  3 dart slugs
  6 leopard geckos
  34 orcs
  4 ball pythons
  9 giant cockroaches
  A goblin (D:3)
  5 hobgoblins
  15 jackals
  2 quokkas
  7 bats
  3 frilled lizards
  6 gnoll zombies (Ossuary)
  2 hobgoblin zombies (Ossuary)
  A jackal zombie (D:8)
  28 kobolds
  4 kobold zombies (Ossuary)
  A quokka skeleton (D:6)
  22 rats
267 creatures vanquished.

Notes
Turn   | Place    | Note
-------+----------+-------------------------------------------
     0 | D:1      | Chiseanne the Octopode Warper began the quest for the Orb.
     0 | D:1      | Reached XP level 1. HP: 14/14 MP: 3/3
   284 | D:1      | Reached skill level 1 in Stealth
   469 | D:1      | Reached XP level 2. HP: 11/19 MP: 5/5
  1085 | D:2      | Reached skill level 2 in Stealth
  1085 | D:2      | Reached XP level 3. HP: 25/25 MP: 6/6
  1779 | D:2      | Found a white marble altar of Elyvilon.
  1802 | D:2      | Reached XP level 4. HP: 22/30 MP: 7/7
  2289 | D:3      | Reached skill level 1 in Shields
  2686 | D:3      | Reached skill level 3 in Stealth
  2686 | D:3      | Reached XP level 5. HP: 20/36 MP: 8/8
  2878 | D:3      | Noticed an ogre
  3612 | D:4      | Noticed a phantom
  3680 | D:4      | Killed a phantom
  3680 | D:4      | Reached skill level 4 in Stealth
  3680 | D:4      | Reached XP level 6. HP: 16/43 MP: 9/9
  4706 | D:5      | Entered Level 5 of the Dungeon
  4734 | D:5      | Found a glowing drain.
  4761 | Sewer    | Entered a sewer
  4809 | Sewer    | Reached skill level 5 in Stealth
  4809 | Sewer    | Reached XP level 7. HP: 13/48 MP: 10/10
  5810 | D:5      | Found Dyci's Antique Armour Boutique.
  5827 | D:5      | Got a coiled jade ring
  5912 | D:5      | Found Rec Ipa's Assorted Antiques.
  5921 | D:5      | HP: 2/49 [orc warrior/+0 glaive (22)]
  6226 | D:5      | Found a staircase to the Ecumenical Temple.
  6312 | Temple   | Entered the Ecumenical Temple
  6420 | Temple   | Became a worshipper of Gozag Ym Sagoz the Greedy
  6604 | D:5      | Bought a large jade amulet for 120 gold pieces
  6604 | D:5      | Bought a scroll of identify for 48 gold pieces
  6604 | D:5      | Bought a scroll labeled SUELET OMEIRGH for 24 gold pieces
  6792 | D:5      | Identified the ring "Conoef" {*Contam rF+ MR+ MP+9 Dex+2}
                  | (You found it on level 5 of the Dungeon)
  7286 | D:6      | Reached skill level 5 in Dodging
  7286 | D:6      | Reached skill level 6 in Stealth
  7286 | D:6      | Reached XP level 8. HP: 49/54 MP: 11/11
  7427 | D:6      | Found a sand-covered staircase.
  7433 | Ossuary  | Entered an ossuary
  7474 | Ossuary  | Reached skill level 5 in Fighting
  7822 | Ossuary  | Reached skill level 7 in Stealth
  8392 | D:6      | Reached skill level 5 in Shields
  8503 | D:6      | Reached XP level 9. HP: 49/62 MP: 12/12
  8593 | D:6      | Reached skill level 8 in Stealth
  9976 | D:7      | Reached skill level 9 in Stealth
 11398 | D:8      | Reached XP level 10. HP: 58/71 MP: 13/13
 11816 | D:8      | Reached skill level 10 in Stealth
 12647 | D:9      | Found a staircase to the Lair.
 12952 | D:9      | Noticed a two-headed ogre
 12972 | D:9      | Identified a scroll of acquirement
 12993 | D:8      | Bought the ring "Syapilia" {MR+ Dex+2 Slay+5} for 1491 gold
                  | pieces
 12993 | D:8      | Bought the ring "Vour" {rC+ Str+3} for 459 gold pieces
 12993 | D:8      | Bought a +1 ring of slaying for 72 gold pieces
 12993 | D:8      | Bought the macabre finger necklace {rN+} for 480 gold
                  | pieces
 12993 | D:8      | Found the macabre finger necklace {rN+}
 13328 | D:9      | Noticed a two-headed ogre
 13471 | D:9      | Slain by a two-headed ogre

Skill      XL: |  1  2  3  4  5  6  7  8  9 10 |
---------------+-------------------------------+-----
Stealth        | 1 2 3 4 5 6 7 9 10 | 10.4
Dodging        | 3 4 5 6 7 |  7.9
Shields        | 1 2 3 5 6 7 |  7.3
Fighting       | 3 4 5 7 |  7.8
Short Blades   | |  2.0
Throwing       | |  1.0
Spellcasting   | |  2.0
Translocations | |  3.0

Action                   |  1- 3 |  4- 6 |  7- 9 | 10-12 || total
-------------------------+-------+-------+-------+-------++-------
Melee: Short sword       |    70 |     2 |       |       ||    72
       Constrict         |    17 |    38 |    77 |    13 ||   145
       Tentacles         |    12 |    22 |    76 |    21 ||   131
       Dagger            |       |   161 |   332 |     5 ||   498
       Trident           |       |       |    74 |   124 ||   198
 Fire: Blowgun           |       |       |    22 |       ||    22
Throw: Stone             |       |     9 |     1 |     1 ||    11
Invok: Call Merchant     |       |       |       |     1 ||     1
Evoke: Wand              |       |     1 |    13 |     1 ||    15
  Use: Scroll            |     2 |     7 |    11 |     4 ||    24
       Potion            |       |     4 |     2 |     1 ||     7
 Stab: Sleeping          |     9 |    12 |    35 |     4 ||    60
       Distracted        |       |     1 |     1 |     1 ||     3
       Invisible         |       |     2 |       |       ||     2
  Eat: Chunk             |     3 |     9 |    10 |       ||    22
       Ration            |       |       |     8 |     4 ||    12
Armor: Skin              |     6 |     7 |    25 |     2 ||    40
Dodge: Dodged            |    45 |    79 |   230 |    90 ||   444
Block: Buckler           |     2 |    22 |    96 |    22 ||   142
       Shield            |       |       |       |     7 ||     7
